AoeStats
← chewie1706

Arena

504013446Analyzed
4v4 RM · 29d ago on Sep 3, 2026· 54m 36s· 8 players
Game mode
Random Map
Map size
Large (8 player)
Population
200
Speed
Normal
Resources
Standard
Victory
Conquest
Starting age
Dark Age
Ending age
Imperial Age
RankedLock teamsTeams togetherTeam positionsShared explorationLock speedFull tech treeHidden civsTurbo modeCheats
Victory
Defeat
🇫🇷 Mongols · France
1462
+8
🇨🇭 Britons · Switzerland
1296
+15
🇫🇷 Persians · France
1294
+15
🇫🇷 Burgundians · France
1093
+25
🇧🇪 Turks · Belgium
1330
-17
🇹🇼 Armenians · Taiwan
1289
-16
🇨🇳 Tatars · China
1259
-15
🇭🇰 Italians · Hong Kong SAR China
1254
-15
696969
10:29 Feudal Age
15:20 Castle Age
13:14 Double-Bit Axe
13:12 Horse Collar
16:32 Bow Saw
22:14 Stone Mining
23:01 Loom
23:55 Wheelbarrow
24:21 Heavy Plow
24:40 Gold Mining
25:53 Hand Cart
29:19 Imperial Age
27:29 Ballistics
28:27 Gold Shaft Mining
27:45 Town Watch
28:03 Scale Mail Armor
28:14 Forging
27:26 Pikeman
28:06 Squires
28:13 Fletching
28:02 Man-at-Arms
28:27 Gambesons
28:09 Halberdier
29:35 Chain Mail Armor
29:11 Arson
28:47 Long Swordsman
31:18 Chemistry
30:06 Two-Handed Swordsman
31:22 Iron Casting
31:40 Plate Mail Armor
31:56 Masonry
32:11 Fereters
32:26 Conscription
32:15 Champion
33:58 Blast Furnace
34:17 Bodkin Arrow
36:03 Bracer
37:07 Bombard Tower
37:33 Padded Archer Armor
37:38 Scale Barding Armor
40:16 Leather Archer Armor
41:07 Murder Holes
41:22 Fortified Wall
42:03 Ring Archer Armor
43:45 Elite Composite Bowman
45:01 Hoardings
49:04 Herbal Medicine
amc_lord
8:08 Loom
10:51 Feudal Age
18:28 Horse Collar
18:41 Double-Bit Axe
34:47 Castle Age
32:39 Horse Collar
32:56 Stone Mining
36:05 Bow Saw
36:07 Heavy Plow
41:01 Wheelbarrow
40:13 Town Watch
48:13 Imperial Age
49:30 Scale Barding Armor
49:36 Forging
51:24 Bloodlines
51:14 Husbandry
只爆叉叉
11:40 Feudal Age
12:21 Double-Bit Axe
15:17 Castle Age
13:00 Horse Collar
16:29 Bow Saw
16:45 Heavy Plow
19:43 Wheelbarrow
22:18 Stone Mining
22:28 Gold Mining
24:32 Hand Cart
24:03 Loom
25:34 Gold Shaft Mining
29:39 Imperial Age
27:30 Scale Barding Armor
27:35 Forging
28:17 Husbandry
28:28 Bloodlines
28:49 Chain Barding Armor
30:02 Iron Casting
29:32 Silk Armor
30:48 Conscription
31:27 Plate Barding Armor
30:40 Treadmill Crane
31:14 Fortified Wall
30:37 Elite Steppe Lancer
31:40 Capped Ram
34:27 Blast Furnace
34:16 Siege Ram
adam
10:08 Feudal Age
14:16 Castle Age
12:11 Double-Bit Axe
12:29 Horse Collar
16:37 Bow Saw
21:30 Town Watch
21:31 Loom
23:23 Wheelbarrow
23:39 Heavy Plow
24:14 Gold Mining
28:34 Imperial Age
26:24 Scale Mail Armor
26:35 Forging
27:26 Squires
27:12 Arson
27:56 Chain Mail Armor
27:51 Forging
28:39 Capped Ram
30:44 Two-Man Saw
30:53 Crop Rotation
31:25 Plate Mail Armor
32:25 Iron Casting
33:09 Hand Cart
33:23 Fortified Wall
35:34 Pikeman
36:26 Fletching
36:37 Padded Archer Armor
37:38 Blast Furnace
36:33 Fletching
36:43 Padded Archer Armor
37:38 Ballistics
38:18 Chemistry
38:06 Elite Skirmisher
39:26 Thumb Ring
40:14 Bodkin Arrow
40:34 Leather Archer Armor
47:19 Bracer
47:49 Ring Archer Armor
49:56 Ring Archer Armor
49:53 Treadmill Crane
chewie1706
4:56 Loom
7:12 Feudal Age
8:15 Double-Bit Axe
8:39 Fletching
15:25 Horse Collar
20:11 Wheelbarrow
19:22 Town Watch
24:08 Castle Age
23:13 Stone Mining
23:15 Gold Mining
25:04 Bodkin Arrow
25:13 Heavy Plow
25:23 Bow Saw
33:00 Padded Archer Armor
38:02 Imperial Age
36:44 Leather Archer Armor
38:18 Ballistics
38:08 Masonry
38:46 Bracer
40:09 Chemistry
40:12 Elite Mangudai
41:55 Stone Shaft Mining
41:58 Gold Shaft Mining
41:56 Parthian Tactics
41:34 Husbandry
41:47 Bloodlines
42:08 Thumb Ring
42:29 Conscription
44:30 Caravan
45:28 Town Patrol
45:44 Hand Cart
54:45 Nomads
AGS.Grimnel
10:40 Feudal Age
14:46 Castle Age
12:42 Horse Collar
14:01 Double-Bit Axe
16:01 Bow Saw
20:48 Gold Mining
21:58 Wheelbarrow
22:52 Heavy Plow
22:52 Town Watch
23:54 Hand Cart
28:24 Imperial Age
26:26 Loom
26:36 Fletching
26:47 Padded Archer Armor
27:12 Bodkin Arrow
28:31 Leather Archer Armor
28:12 Crossbowman
29:08 Bracer
28:54 Arbalester
31:01 Two-Man Saw
31:48 Conscription
32:06 Yeomen
32:42 Ballistics
33:22 Chemistry
32:33 Masonry
35:34 Ring Archer Armor
35:40 Murder Holes
35:51 Siege Engineers
37:02 Fortified Wall
37:22 Architecture
36:21 Man-at-Arms
36:46 Gambesons
37:13 Forging
37:03 Scale Mail Armor
38:47 Hoardings
39:20 Town Patrol
39:40 Caravan
39:48 Long Swordsman
40:29 Squires
39:49 Pikeman
41:07 Iron Casting
40:47 Chain Mail Armor
42:19 Two-Handed Swordsman
42:46 Arson
43:45 Plate Mail Armor
43:48 Halberdier
45:19 Gold Shaft Mining
44:35 Stone Mining
46:23 Blast Furnace
49:21 Scale Barding Armor
49:56 Sanctity
49:46 Fervor
51:48 Champion
54:43 Guilds
55:04 Coinage
54:56 Chain Barding Armor
54:29 Stone Mining
54:43 Devotion
55:08 Illumination
54:37 Guard Tower
54:32 Arrowslits
54:28 Treadmill Crane
54:59 Clinker Construction
AGS.Euphiebe
5:08 Double-Bit Axe
8:21 Horse Collar
10:37 Loom
12:23 Feudal Age
17:01 Castle Age
15:21 Bow Saw
15:15 Heavy Plow
19:22 Two-Man Saw
19:49 Crop Rotation
20:24 Wheelbarrow
20:49 Gold Mining
25:03 Gold Shaft Mining
24:18 Stone Mining
25:43 Hand Cart
29:38 Imperial Age
28:24 Stone Shaft Mining
29:15 Forging
29:10 Scale Barding Armor
29:43 Husbandry
29:03 Cavalier
30:37 Iron Casting
31:26 Chain Barding Armor
34:01 Blast Furnace
33:37 Plate Barding Armor
32:41 Paladin
34:51 Light Cavalry
36:36 Fletching
36:47 Padded Archer Armor
40:54 Chemistry
41:26 Bodkin Arrow
41:53 Leather Archer Armor
41:12 Light Cavalry
42:41 Ballistics
48:03 Bracer
AGS.Shirar
10:20 Feudal Age
14:08 Castle Age
12:49 Double-Bit Axe
12:46 Horse Collar
19:55 Bow Saw
21:21 Loom
22:19 Wheelbarrow
22:50 Heavy Plow
24:40 Gold Mining
24:46 Stone Mining
29:33 Imperial Age
27:33 Scale Barding Armor
27:39 Forging
29:37 Chain Barding Armor
30:45 Iron Casting
31:31 Conscription
30:49 Elite War Elephant
32:31 Plate Barding Armor
32:58 Blast Furnace
35:55 Bloodlines
35:46 Husbandry
38:27 Two-Man Saw
37:58 Crop Rotation
42:15 Caravan
46:02 Hand Cart
46:35 Fletching
47:13 Ballistics
47:45 Bodkin Arrow
Connection lost

Rejoining the realm…

Still unreachable

The connection could not be restored.

Session expired

The server has moved on; the page needs a fresh start.